 Dungeon Crawl Stone Soup version 0.23.2 (webtiles) character file.

Game seed: 7973434595302200223

74 Borgoz the Sneak (level 4, -1/37 HPs)
             Began as a Ghoul Assassin on Apr 5, 2019.
             Slain by Sigmund
             ... wielding a +0 scythe
              (5 damage)
             ... on level 2 of the Dungeon.
             The game lasted 00:03:16 (981 turns).

Borgoz the Sneak (Ghoul Assassin)                    Turns: 981, Time: 00:03:17

Health: -1/37      AC:  8    Str: 14    XL:     4   Next: 28%
Magic:  3/3        EV:  7    Int:  6    God:
Gold:   85         SH:  0    Dex: 11    Spells: 3/3 levels left

rFire    . . .     SeeInvis .   q - +3 short sword (drain)
rCold    + . .     Gourm    .   (no shield)
rNeg     + + +     Faith    .   l - +0 scale mail
rPois    ∞         Spirit   .   (no helmet)
rElec    .         Reflect  .   d - +0 cloak
rCorr    .         Harm     .   (no gloves)
MR       .....                  k - +0 pair of boots
Stlth    +.........             (no amulet)
HPRegen  0.00/turn              a - -2 ring of evasion (curse)
MPRegen  0.08/turn              (no ring)

@: rotting
A: rotting body, claws 1, carnivore, cold resistance 1, negative energy
resistance 3, inhibited regeneration, torment resistance, unbreathing
a: no special abilities


You were on level 2 of the Dungeon.
You were not hungry.

You visited 1 branch of the dungeon, and saw 2 of its levels.

You collected 85 gold pieces.

Inventory:

Hand Weapons
 b - a +0 blowgun
 q - a +3 short sword of draining (weapon)
Missiles
 e - 8 poisoned needles
 f - 2 curare-tipped needles
Armour
 d - a +0 cloak (worn)
 k - a +0 pair of boots (worn)
 l - a +0 scale mail (worn)
Jewellery
 a - a cursed -2 ring of evasion (left claw)
 o - an uncursed amulet of guardian spirit {unknown}
Scrolls
 j - a scroll of teleportation
Potions
 h - a potion of heal wounds
 i - a potion of haste
 m - 2 potions of invisibility {unknown}
 n - a potion of resistance
Comestibles
 c - 10 chunks of flesh
 g - 4 rations


   Skills:
 + Level 2.6 Fighting
 * Level 2.6 Short Blades
 - Level 1.7 Throwing
 * Level 1.4 Armour
 * Level 1.7 Dodging
 + Level 4.6 Stealth


You had 3 spell levels left.
You didn't know any spells.
Your spell library was empty.

Dungeon Overview and Level Annotations

Branches:
Dungeon (2/15)

Altars:

Annotations:
D:2 Sigmund


Innate Abilities, Weirdness & Mutations

Your body is rotting away.
You thrive on raw meat.
You are immune to poison.
You have sharp fingernails.
You are carnivorous and can eat meat at any time.
Your flesh is cold resistant. (rC+)
You are immune to negative energy. (rN+++)
You do not regenerate when monsters are visible.
You are immune to unholy pain and torment.
You can survive without breathing.


Message History

The dart slug barely misses you.
The kobold shouts!
You hit the dart slug. You drain the dart slug.
The dart slug is severely wounded.
The kobold throws a stone.
The stone barely misses you.
The dart slug bites you but does no damage.
Something hits you!
The kobold throws a stone.
The stone hits you but does no damage. The dart slug launches a dart at you.
The slug dart hits you.
You see here a stone.
You closely miss the leopard gecko. The leopard gecko barely misses you.
You miss the leopard gecko. The leopard gecko bites you. Something hits you!
* * * LOW HITPOINT WARNING * * *
Some of the chunks of flesh in your inventory have rotted away.
You are too injured to fight recklessly!
The leopard gecko bites you.
* * * LOW HITPOINT WARNING * * *
Something hits you.
You die...

#........#....# #.#
#........#..### ...#
#######.(....#...### ...#
...............#...#.....
.........#.#####...#....#
.......%J#.###..........#
........w(w..#.#...#.....
.......K#..#l#.#.......##
........#.>#@..#....#....
........########....####.
........# #.......#
........# #...###.#
....... #...# # ####..
.#. .# # .#


You could see a leopard gecko.

Vanquished Creatures
  4 adders (D:2)
  A dart slug (D:2)
  A leopard gecko (D:2)
  A ball python (D:1)
  3 bats (D:1)
  2 giant cockroaches (D:2)
  2 goblins
  6 hobgoblins
  2 frilled lizards
  9 kobolds
  3 rats
34 creatures vanquished.

Notes
Turn   | Place    | Note
-------+----------+-------------------------------------------
     0 | D:1      | Borgoz the Ghoul Assassin began the quest for the Orb.
     0 | D:1      | Reached XP level 1. HP: 17/17 MP: 0/0
   252 | D:1      | Reached skill level 1 in Dodging
   361 | D:1      | Reached XP level 2. HP: 24/24 MP: 1/1
   695 | D:2      | Reached skill level 1 in Armour
   700 | D:2      | Reached XP level 3. HP: 28/30 MP: 2/2
   806 | D:2      | Reached XP level 4. HP: 27/37 MP: 3/3
   970 | D:2      | Noticed Sigmund
   981 | D:2      | Slain by Sigmund

Skill      XL: |  1  2 |
---------------+-------+-----
Dodging        | 1 |  1.7
Short Blades   | 2 |  2.6
Armour         | 1 |  1.4
Fighting       | |  2.6
Throwing       | |  1.7
Stealth        | |  4.6

Action                   |  1- 3 |  4- 6 || total
-------------------------+-------+-------++-------
Melee: Dagger            |    65 |       ||    65
       Short sword       |    21 |    18 ||    39
  Use: Scroll            |     6 |     1 ||     7
 Stab: Sleeping          |     1 |       ||     1
  Eat: Chunk             |     2 |     1 ||     3
Armor: Scale mail        |    49 |    11 ||    60
Dodge: Dodged            |    34 |     6 ||    40
